 Dungeon Crawl Stone Soup version 0.23.2-1-ga50397a6bc (webtiles) character file.

Game seed: 12185838509138268582

149 OneEyedShark the Skirmisher (level 5, -5/47 HPs)
             Began as a Minotaur Abyssal Knight on May 28, 2019.
             Was a Believer of Lugonu.
             Killed from afar by an orc wizard (9 damage)
             ... with a magic dart
             ... on level 4 of the Dungeon.
             The game lasted 00:05:48 (2304 turns).

OneEyedShark the Skirmisher (MiAK)                  Turns: 2304, Time: 00:05:49

Health: -5/47      AC:  8    Str: 17    XL:     5   Next: 9%
Magic:  5/5        EV: 10    Int:  9    God:    Lugonu [**....]
Gold:   108        SH:  0    Dex: 10    Spells: 4/4 levels left

rFire    + . .     SeeInvis .   a - +1 mace
rCold    . . .     Gourm    .   (no shield)
rNeg     . . .     Faith    .   f - +0 scale mail (curse)
rPois    .         Spirit   .   (helmet restricted)
rElec    .         Reflect  .   l - +0 cloak
rCorr    .         Harm     .   (no gloves)
MR       .....                  (no boots)
Stlth    +.........             (no amulet)
HPRegen  0.15/turn              h - ring of stealth
MPRegen  0.09/turn              p - ring of protection from fire

@: no status effects
A: retaliatory headbutt, horns 2
a: Depart the Abyss, Bend Space, Renounce Religion


You were on level 4 of the Dungeon.
You worshipped Lugonu.
Lugonu was pleased with you.
You were hungry.

You visited 1 branch of the dungeon, and saw 4 of its levels.
You visited the Abyss 1 time.

You collected 108 gold pieces.

Inventory:

Hand Weapons
 a - a +1 mace (weapon)
Armour
 f - a cursed +0 scale mail (worn)
 k - a +1 scale mail of positive energy
 l - a +0 cloak (worn)
Jewellery
 h - a ring of stealth (left hand)
 p - a ring of protection from fire (right hand)
Wands
 j - a wand of acid (7)
 m - a wand of iceblast (9)
Scrolls
 e - 2 scrolls of remove curse {unknown}
 g - 2 scrolls of identify {unknown}
 n - a scroll of fear {unknown}
 q - a scroll of enchant armour {unknown}
 r - a scroll of random uselessness {unknown}
Potions
 b - a potion of haste
 d - a potion of mutation {unknown}
 i - 3 potions of brilliance {unknown}
 o - a potion of curing {unknown}
Comestibles
 c - 6 rations


   Skills:
 + Level 4.9 Fighting
 + Level 3.4 Maces & Flails
 + Level 3.5 Armour
 + Level 1.9 Dodging
 + Level 1.1 Stealth
 + Level 2.1 Invocations
 + Level 0.6 Evocations


You had 4 spell levels left.
You didn't know any spells.
Your spell library was empty.

Dungeon Overview and Level Annotations

Branches:
Dungeon (4/15)
 Temple: D:4-7

Altars:
Cheibriados

Annotations:
D:3 Jessica, Sigmund


Innate Abilities, Weirdness & Mutations

You reflexively headbutt those who attack you in melee.
You have a pair of horns on your head.


Message History

You headbutt the worker ant.
You hit the worker ant but do no damage.
The worker ant is moderately wounded.
The worker ant closely misses you.
The worker ant bites you but does no damage.
You hit the worker ant. Your headbutt misses the worker ant.
The worker ant is severely wounded.
The orc wizard gestures wildly while chanting.
The orc wizard seems to speed up.
The worker ant bites you but does no damage.
You thump the worker ant!
You kill the worker ant!
Lugonu accepts your kill.
You have reached level 5!
The orc wizard gestures at you while chanting.
The magic dart hits you but does no damage.
The orc wizard hits you but does no damage.
The orc wizard gestures at you while chanting.
The magic dart hits you!
You die...

## ...#.. ..$...
...... #.....
###......
###....#
###......##...
#.....@.?.....
##..oo.#......
#...#.#......
#...o........
##...##.......
#...## .....#. ..
#..........##
#...
#...........#
....
##......#...##..#
.


You could see an orc wizard and 2 orcs.

Vanquished Creatures
  Terence (D:3)
  A worker ant (D:4)
  4 adders
  An ooze (D:2)
  A worm (D:2)
  A dart slug (D:3)
  2 leopard geckos (D:2)
  2 orcs
  A ball python (D:2)
  10 bats
  3 giant cockroaches
  5 goblins
  4 hobgoblins (D:2)
  4 frilled lizards
  7 kobolds
  5 rats
52 creatures vanquished.

Notes
Turn   | Place    | Note
-------+----------+-------------------------------------------
     0 | Abyss:1  | OneEyedShark the Minotaur Abyssal Knight began the quest
                  | for the Orb.
     0 | Abyss:1  | Reached XP level 1. HP: 19/19 MP: 1/1
    20 | Abyss:1  | Found a corrupted altar of Lugonu.
    68 | D:1      | Escaped the Abyss
   219 | D:1      | Reached skill level 4 in Fighting
   339 | D:1      | Reached XP level 2. HP: 27/27 MP: 2/2
  1140 | D:2      | Reached XP level 3. HP: 28/34 MP: 3/3
  1152 | D:2      | Reached ** piety under Lugonu
  1819 | D:3      | Reached XP level 4. HP: 31/41 MP: 4/4
  1827 | D:3      | Noticed Terence
  1846 | D:3      | Killed Terence
  1855 | D:3      | Reached skill level 1 in Stealth
  2210 | D:3      | Found a snail-covered altar of Cheibriados.
  2218 | D:3      | Noticed Sigmund
  2231 | D:3      | HP: 2/41 [something (15)]
  2255 | D:3      | Noticed Jessica
  2280 | D:4      | HP: 2/41 [orc wizard/puff of frost (3)]
  2295 | D:4      | HP: 2/41 [worker ant (2)]
  2299 | D:4      | Reached XP level 5. HP: 3/47 MP: 5/5
  2304 | D:4      | Killed from afar by an orc wizard

Skill      XL: |  1  2  3  4 |
---------------+-------------+-----
Fighting       | 4 |  4.9
Maces & Flails | 3 |  3.4
Armour         | 3 |  3.5
Invocations    | 2 |  2.1
Stealth        | 1 |  1.1
Dodging        | |  1.9
Evocations     | |  0.6

Action                   |  1- 3 |  4- 6 || total
-------------------------+-------+-------++-------
Melee: Mace              |   114 |    54 ||   168
       Headbutt          |     8 |     6 ||    14
  Use: Potion            |       |     1 ||     1
 Stab: Sleeping          |     1 |       ||     1
  Eat: Chunk             |     3 |     1 ||     4
Armor: Leather armour    |     5 |       ||     5
       Scale mail        |    79 |    45 ||   124
Dodge: Dodged            |    75 |    43 ||   118
